Map: Затон РВ

Players

Quaker

  • Race: Zerg Zerg
  • League: Grandmaster
  • Spawn Location: 5:00

HolyHit - Winner!

  • Race: Protoss Protoss
  • League: Grandmaster
  • Spawn Location: 11:00

VOD

Have the link to the VOD?

Description

Time

  • Played on: Feb. 1, 2018, 10:27 a.m.
  • Length: 12:06
Show
View Real Time Build Order
Export as new Build Order

Quaker Zerg 

Build Orders: Hatch First, Lurkers 

Get SALT Encoding   

  12  0:02  Drone  
  13  0:12  Overlord  
  13  0:18  Drone  
  14  0:32  Drone x2  
  14  0:35  Drone  
  17  0:54  Hatchery  
  17  0:55  Drone  
  17  0:58  Drone  
  18  1:10  Extractor  
  17  1:13  Spawning Pool  
  17  1:15  Drone  
  17  1:19  Drone  
  18  1:35  Drone  
  19  1:48  Overlord  
  19  1:51  Drone  
  20  2:00  Queen  
  22  2:05  Queen  
  22  2:06  Drone  
  22  2:07  Drone  
  26  2:14  Drone  
  27  2:24  Hatchery  
  27  2:28  Metabolic Boost  
  26  2:32  Zergling x2  
  26  2:36  Zergling x2  
  28  2:45  Drone x2  
  28  2:46  Drone x2  
  28  2:49  Zergling x2  
  33  2:54  Queen  
  35  2:59  Overlord  
  35  3:07  Overlord  
  35  3:08  Drone  
  36  3:24  Spore Crawler  
  34  3:29  Drone x3  
  36  3:36  Drone x4  
  36  3:40  Drone  
  41  3:43  Lair  
  42  3:48  Drone  
  42  3:49  Drone  
  42  3:54  Queen  
  45  3:58  Spore Crawler  
  45  4:01  Drone x2  
  45  4:06  Drone  
  45  4:08  Drone x3  
  49  4:12  Drone x3  
  49  4:13  Overlord  
  49  4:14  Drone  
  53  4:20  Drone x2  
  53  4:22  Overlord  
  55  4:24  Extractor  
  55  4:25  Extractor  
  55  4:29  Overlord  
  55  4:30  Drone  
  54  4:36  Drone  
  54  4:42  Drone x5  
  59  4:48  Overlord, Hydralisk Den  
  58  4:55  Spore Crawler  
  57  5:02  Drone x4  
  57  5:06  Extractor  
  60  5:11  Drone x2  
  60  5:12  Drone x5  
  66  5:19  Overlord  
  66  5:23  Hydralisk x5  
  76  5:30  Extractor  
  76  5:31  Muscular Augments  
  75  5:37  Hydralisk x3  
  81  5:47  Evolution Chamber  
  80  5:51  Lurker Den  
  80  5:52  Drone x4  
  83  6:02  Extractor, Drone x7  
  87  6:13  Hatchery  
  86  6:26  Hydralisk  
  86  6:27  Overlord x4  
  86  6:29  Overlord x2  
  88  6:37  Zerg Missile Weapons Level 1, Drone  
  89  6:44  Grooved Spines  
  88  7:01  Drone  
  88  7:02  Drone x11  
  88  7:05  Hydralisk x3  
  88  7:07  Infestation Pit  
  105  7:12  Hydralisk  
  105  7:13  Hydralisk x2  
  109  7:30  Extractor  
  109  7:31  Extractor, Drone  
  109  7:32  Drone x3  
  109  7:35  Hydralisk x3  
  109  7:36  Lurker x2  
  120  7:37  Lurker  
  120  7:40  Overlord  
  120  7:41  Hydralisk x5  
  130  7:53  Drone x3  
  130  7:54  Drone x2  
  130  7:57  Lurker x4  
  139  7:59  Hive  
  139  8:02  Overseer  
  139  8:19  Hydralisk  
  139  8:20  Hydralisk x4  
  139  8:21  Overlord x2  
  139  8:26  Overlord  
  149  8:30  Evolution Chamber  
  149  8:32  Hatchery  
  145  8:44  Zerg Ground Armor Level 1  
  145  8:48  Spire  
  130  8:56  Hydralisk  
  130  8:57  Hydralisk x4  
  130  9:00  Zerg Missile Weapons Level 2  
  140  9:04  Hatchery  
  140  9:07  Zergling x12  
  140  9:08  Zergling x22  
  150  9:22  Hydralisk x4  
  145  9:26  Hydralisk x3  
  145  9:27  Hydralisk  
  148  9:37  Zergling x8  
  148  9:38  Zergling x2  
  144  9:40  Lurker x7  
  144  9:42  Zergling x12  
  157  9:47  Adrenal Glands  
  148  9:54  Zergling x2  
  148  9:55  Zergling x8  
  141  10:01  Zergling x2  
  132  10:12  Hydralisk x6  
  131  10:14  Lurker x2  
  131  10:15  Lurker x6  
  131  10:16  Zergling x2  
  131  10:17  Zergling x12  
  142  10:23  Zergling x2  
  142  10:24  Zergling x2  
  109  10:45  Hydralisk x7  
  109  10:48  Zergling x6  
  112  10:53  Hydralisk x4  
  111  11:01  Zergling x2  
  111  11:02  Zergling x12  
  114  11:09  Corruptor x2  
  114  11:10  Corruptor x2  
  122  11:12  Lurker  
  123  11:20  Lurker x2  
  123  11:24  Hatchery  
  124  11:31  Lurker  
  122  11:35  Zergling x2  
  122  11:36  Zergling x20  
  122  11:37  Hydralisk  
  122  11:38  Hydralisk x2  
  136  11:44  Zergling x16  
Show
View Real Time Build Order
Export as new Build Order

HolyHit Protoss - Winner!

Build Orders: 1 Gate Expand, Oracle Opening, Phoenix Opening, Colossus Rush 

Get SALT Encoding   

  12  0:01  Probe  
  13  0:13  Probe  
  14  0:20  Pylon  
  14  0:25  Probe  
  15  0:38  Probe (Chrono Boost)  
  16  0:42  Gateway  
  16  0:47  Probe (Chrono Boost)  
  16  0:48  Assimilator  
  17  0:52  Probe (Chrono Boost)  
  19  1:04  Probe (Chrono Boost)  
  19  1:11  Probe (Chrono Boost)  
  20  1:18  Probe  
  21  1:28  Nexus  
  21  1:39  Cybernetics Core  
  21  1:40  Probe  
  21  1:50  Assimilator  
  21  1:52  Probe  
  22  1:58  Pylon  
  22  2:04  Probe  
  23  2:14  Adept (Chrono Boost)  
  23  2:16  Probe  
  23  2:19  Stargate  
  26  2:28  Warp Gate  
  26  2:29  Probe (Chrono Boost)  
  27  2:33  Adept  
  29  2:40  Probe (Chrono Boost)  
  31  2:47  Probe (Chrono Boost)  
  31  2:49  Probe (Chrono Boost)  
  32  2:54  Probe x2 (Chrono Boost)  
  34  3:00  Adept  
  34  3:02  Oracle (Chrono Boost)  
  34  3:05  Probe  
  40  3:06  Probe  
  41  3:17  Probe  
  41  3:18  Probe  
  43  3:23  Gateway  
  43  3:29  Probe  
  43  3:30  Probe  
  43  3:31  Phoenix  
  45  3:36  Pylon  
  45  3:41  Probe  
  45  3:44  Twilight Council  
  46  3:51  Gateway  
  46  3:54  Probe x2  
  48  4:06  Probe x2  
  50  4:10  Robotics Facility  
  50  4:14  Shield Battery  
  50  4:17  Assimilator  
  50  4:18  Probe x2 (Chrono Boost)  
  50  4:21  Pylon, Charge, Assimilator  
  52  4:29  Probe (Chrono Boost)  
  52  4:30  Probe (Chrono Boost)  
  54  4:38  Probe  
  54  4:40  Nexus  
  54  4:41  Probe  
  56  4:46  Gateway  
  56  4:50  Probe  
  57  4:54  Warp Prism (Chrono Boost)  
  57  4:56  Pylon  
  57  4:59  Probe  
  60  5:10  Probe  
  60  5:12  Probe  
  62  5:18  Robotics Bay  
  62  5:21  Forge  
  62  5:22  Probe, Pylon  
  62  5:24  Forge  
  62  5:26  Observer  
  64  5:29  Probe  
  65  5:36  Probe  
  65  5:41  Probe  
  65  5:42  Gateway  
  67  5:48  Probe  
  67  5:49  Zealot x4, Pylon  
  76  5:53  Probe  
  76  5:54  Probe  
  78  5:58  Colossus  
  78  6:05  Protoss Ground Weapons Level 1, Protoss Ground Armor Level 1  
  73  6:19  Probe  
  73  6:20  Probe, Extended Thermal Lance (Chrono Boost)  
  73  6:24  Zealot x2  
  79  6:26  Probe (Chrono Boost)  
  79  6:27  Gateway  
  79  6:29  Zealot  
  79  6:31  Zealot, Probe (Chrono Boost)  
  86  6:37  Assimilator  
  86  6:38  Probe (Chrono Boost)  
  86  6:41  Assimilator  
  86  6:43  Probe (Chrono Boost)  
  86  6:46  Pylon  
  87  6:51  Colossus (Chrono Boost)  
  85  6:56  Sentry x5  
  101  7:04  Probe, Gateway  
  101  7:06  Blink (Chrono Boost)  
  101  7:07  Gateway  
  102  7:08  Photon Cannon  
  102  7:12  Shield Battery  
  100  7:25  Sentry x2, Pylon  
  104  7:38  Nexus  
  104  7:40  Pylon, Colossus (Chrono Boost)  
  104  7:42  Pylon  
  110  7:46  Gateway  
  110  7:50  Pylon  
  110  7:53  Zealot x2  
  114  8:01  Shield Battery  
  114  8:03  Photon Cannon  
  114  8:04  Stalker x2  
  118  8:11  Protoss Ground Weapons Level 2, Protoss Ground Armor Level 2  
  118  8:14  Sentry x2  
  118  8:17  Oracle (Chrono Boost)  
  122  8:26  Observer  
  125  8:28  Zealot x4  
  133  8:36  Pylon  
  133  8:38  Pylon  
  127  8:47  Warp Prism  
  125  8:53  Stalker x5  
  129  9:12  Gateway  
  102  9:35  Stalker x4  
  102  9:36  Stalker x3  
  116  9:39  Oracle  
  116  9:40  Stalker  
  116  9:41  Stalker  
  116  9:42  Photon Cannon, Assimilator  
  116  9:44  Colossus (Chrono Boost)  
  129  9:46  Assimilator  
  129  10:01  Stalker  
  129  10:02  Stalker x4  
  127  10:15  Stalker x4  
  135  10:26  Robotics Facility  
  135  10:31  Warp Prism (Chrono Boost)  
  117  10:52  Stalker x2  
  117  10:53  Stalker x4  
  117  10:54  Stalker x4  
  135  11:06  Colossus  
  141  11:32  Zealot x3  
  147  11:33  Zealot  
  147  11:36  Zealot x4  
  147  11:39  Zealot x2  
  144  11:59  Stalker x4  
  144  12:00  Stalker x2  
Tags
 
Add a new tag
Caveats
  • Supply blocks, unpowered buildings, or Contaminate may cause inaccurate times.
  • Supply counts are checked every 10 seconds.